 Dungeon Crawl Stone Soup version 0.31-a0-263-ge8cad7f256 (webtiles) character file.

Game seed: 5164474164841330305

40 qw the Shooter (level 3, -5/21 HPs)
             Began as a Gargoyle Hexslinger on July 13, 2023.
             Killed from afar by Ijyb (7 damage)
             ... with a puff of flame
             ... on level 1 of the Dungeon.
             The game lasted 00:00:24 (771 turns).

qw the Shooter (Gargoyle Hexslinger)                 Turns: 771, Time: 00:00:24

Health: -5/21      AC:  5    Str: 11    XL:     3   Next: 50%
Magic:  4/4        EV: 12    Int: 13    God:
Gold:   24         SH:  0    Dex: 14    Spells: 3/4 levels left

rFire   . . .        Y - +1 sling
rCold   . . .        (no shield)
rNeg    + . .        c - +0 robe
rPois   inf          (no helmet)
rElec   +            (no cloak)
rCorr   .            (no gloves)
SInv    .            (no boots)
Will    .....        (no amulet)
Stlth   +            (no ring)
HPRegen 0.23/turn    (no ring)
MPRegen 0.09/turn

%: no passive effects
@: no status effects
A: sickness immunity, AC +3, negative energy resistance 1, electricity
resistance, torment resistance 1, petrification resistance
a: no special abilities


You were on level 1 of the Dungeon.
You visited 1 branch of the dungeon, and saw 2 of its levels.

You collected 24 gold pieces.


Innate Abilities, Weirdness & Mutations

You are immune to sickness and miasma.
Your stone body is resilient. (AC +3)
You are immune to poison.
You resist negative energy. (rN+)
You are resistant to electric shocks. (rElec)
You are resistant to unholy torment.
You are immune to petrification.


   Skills:
 - Level 2.0 Fighting
 + Level 3.4 Ranged Weapons
 - Level 1.5 Dodging
 - Level 1.0 Spellcasting
 - Level 2.6 Hexes


You had 3 spell levels left.
You knew the following spells:

 Your Spells              Type           Power      Damage    Failure   Level
a - Slow                  Hex            28%        N/A       10%         1

Your spell library contained the following spells:

 Spells                   Type           Power      Damage    Failure   Level
 Inner Flame              Hex/Fire       4%         N/A       43%         3
 Portal Projectile        Hex/Tloc       8%         N/A       43%         3
 Cause Fear               Hex            3%         N/A       67%         4

Inventory:

Hand Weapons
 Y - a +1 sling (weapon)
Armour
 c - a +0 robe (worn)
Potions
 h - a potion of mutation {unknown}

Dungeon Overview and Level Annotations

Branches:
Dungeon (2/15)

Altars:

Annotations:
D:1 Ijyb


Message History

You shoot a sling bullet.
The sling bullet barely misses the goblin.
The goblin hits you but does no damage.
You shoot a sling bullet.
The sling bullet closely misses the goblin.
The sling bullet hits the goblin.
You kill the goblin!
The goblin hits you with a +0 dagger.
You shoot a sling bullet. The sling bullet closely misses Ijyb.
The goblin hits you but does no damage. Ijyb hits you but does no damage.
You shoot a sling bullet. The sling bullet barely misses Ijyb.
The goblin hits you with a +0 dagger. Ijyb closely misses you.
763 ||| STAIRDANCE Ijyb completely misses you.
You climb upwards.
There is a stone staircase leading down here.
You shoot a sling bullet.
The sling bullet hits Ijyb but does no damage.
The goblin hits you but does no damage.
Ijyb zaps a wand.
The puff of flame hits you.
You shoot a sling bullet.
The sling bullet hits Ijyb but does no damage.
The goblin closely misses you. Ijyb barely misses you.
The goblin hits you but does no damage. Ijyb misses you.
You shoot a sling bullet.
The sling bullet hits Ijyb but does no damage.
The goblin misses you. Ijyb hits you but does no damage.
You shoot a sling bullet. The sling bullet hits Ijyb.
Ijyb is lightly wounded.
The goblin hits you but does no damage.
Ijyb zaps a wand.
The puff of flame hits you!
You shoot a sling bullet. The sling bullet barely misses Ijyb.
The goblin hits you but does no damage. Ijyb hits you but does no damage.
You shoot a sling bullet. The sling bullet hits Ijyb.
Ijyb is heavily wounded.
The goblin barely misses you.
Ijyb zaps a wand.
The puff of flame hits you.
You shoot a sling bullet. The sling bullet closely misses Ijyb.
The goblin hits you with a +0 dagger.
Ijyb zaps a wand.
The puff of flame hits you!
You die...

#.# #.#..###~.'..#....
#.# #...###~~.#..#...#
#.# #..####~~.####.#.#
#.# #..#~~#~...#......
#.####
#..'.~#~...'......
#.)).#
#..'.~#~<..'......
####.#
#..#~~#¤¤¤¤#....~# #.#
#g.####~¤¤####..## #.#
#@g.###~~¤#..#..#~ #.#
#.#..###~¤'..#.... #.#
#.#..#######}#~...
#.####.#...########~~..
#.....:.....#######~~~.
#######..##......###~~.
#...........##~~~
#.#####.##...##~~ #.#
###.##......~


You could see Ijyb and a goblin.

Vanquished Creatures
  A dart slug (D:1)
  3 ball pythons (D:1)
  4 bats (D:1)
  An endoplasm (D:1)
  2 giant cockroaches (D:1)
  6 goblins
  2 hobgoblins (D:1)
  2 jackals (D:1)
  5 kobolds (D:1)
  2 quokkas (D:1)
  3 rats (D:1)
31 creatures vanquished.

Notes
Turn   | Place    | Note
-------+----------+-------------------------------------------
     0 | D:1      | qw the Gargoyle Hexslinger began the quest for the Orb.
     0 | D:1      | Reached XP level 1. HP: 12/12 MP: 2/2
     0 | D:1      | 0 ||| qw: Version: 0.3-a-52-g30416fa
     0 | D:1      | 0 ||| qw: Game counter: 7388
     0 | D:1      | 0 ||| qw: Melee chars always use a shield: true
     0 | D:1      | 0 ||| qw: God list: Okawaru
     0 | D:1      | 0 ||| qw: Allow faded altars: false
     0 | D:1      | 0 ||| qw: Do Orc after clearing Dungeon:15 true
     0 | D:1      | 0 ||| qw: Do second Lair branch before Depths: true
     0 | D:1      | 0 ||| qw: Lair rune preference: random
     0 | D:1      | 0 ||| qw: Goals: Normal
     0 | D:1      | 0 ||| PLANNING D:1-11
    35 | D:1      | HP: 3/12 [ball python (2)]
    40 | D:1      | Reached XP level 2. HP: 5/16 MP: 3/3
    56 | D:1      | 56 ||| FLEEEEING.
    57 | D:1      | 57 ||| FLEEEEING.
    58 | D:1      | 58 ||| FLEEEEING.
    59 | D:1      | 59 ||| FLEEEEING.
    62 | D:1      | 62 ||| FLEEEEING.
    63 | D:1      | 63 ||| FLEEEEING.
    65 | D:1      | 65 ||| FLEEEEING.
    66 | D:1      | 66 ||| FLEEEEING.
    67 | D:1      | 67 ||| FLEEEEING.
    68 | D:1      | 68 ||| FLEEEEING.
    69 | D:1      | 69 ||| FLEEEEING.
    70 | D:1      | 70 ||| FLEEEEING.
    71 | D:1      | 71 ||| FLEEEEING.
    72 | D:1      | 72 ||| FLEEEEING.
    73 | D:1      | 73 ||| FLEEEEING.
   166 | D:1      | Reached skill level 3 in Ranged Weapons
   324 | D:1      | Reached XP level 3. HP: 21/21 MP: 4/4
   696 | D:1      | 696 ||| READING scroll labelled QUEFEBE MIESM.
   697 | D:1      | 697 ||| READING scroll labelled WIOMIO VEHUXEST.
   698 | D:1      | 698 ||| READING scroll labelled EZEQECU PILUFF.
   699 | D:1      | 699 ||| READING scroll labelled SILEAVUKLI.
   715 | D:1      | 715 ||| READING scroll labelled VOVIKL OSKUA.
   716 | D:1      | 716 ||| READING scroll labelled TUINI HANAO.
   720 | D:1      | 720 ||| READING scroll labelled OKHIEM YGGOLO.
   721 | D:1      | 721 ||| DROPPING scroll of poison.
   753 | D:2      | Noticed Ijyb
   763 | D:2      | 763 ||| STAIRDANCE
   768 | D:1      | HP: 5/21 [Ijyb/puff of flame (8)]
   770 | D:1      | HP: 2/21 [Ijyb/puff of flame (3)]
   771 | D:1      | Killed from afar by Ijyb

Levels and vault maps discovered:
D:1:      denvon_arrival_waterhouse, layout_loops_ring
D:2:      kennysheep_the_goblin_king, layout_loops_corners, uniq_robin

Skill      XL: |  1  2  3 |
---------------+----------+-----
Ranged Weapons | 3 |  3.4
Fighting       | 2 |  2.0
Dodging        | |  1.5
Spellcasting   | |  1.0
Hexes          | |  2.6

Action                     || total
---------------------------++-------
   Fire: Sling             ||    89
    Use: Scroll            ||     7
 Armour: Robe              ||    24
  Dodge: Dodged            ||    53

Table legend:
 A = Non-vault XP
 B = Vault XP
 C = Vault XP percentage of total XP
 D = Non-vault monster count
 E = Vault monster count
 F = Vault count percentage of total count
                 A         B        C        D         E       F
            +---------+---------+-------+---------+---------+-------
      Total |      50 |       8 |  13.8 |      27 |       4 |  12.9
            +---------+---------+-------+---------+---------+-------
        D:1 |      50 |       0 |   0.0 |      27 |       0 |   0.0
        D:2 |       0 |       8 | 100.0 |       0 |       4 | 100.0
            +---------+---------+-------+---------+---------+-------
